 Dungeon Crawl Stone Soup version 0.18.1-8-gdd0e5ea (webtiles) character file.

5931 GFox the Skirmisher (level 10, 0/55 HPs)
             Began as a Vine Stalker Monk on May 25, 2016.
             Was an Elder of Ashenzari.
             Slain by an orc warrior
             ... wielding a +0 short sword
             ... led by an orc warlord
              (11 damage)
             ... on level 1 of the Orcish Mines.
             The game lasted 01:35:22 (8060 turns).

GFox the Skirmisher (Vine Stalker Monk)             Turns: 8060, Time: 01:35:23

Health: 0/55       AC: 27    Str: 12 (14) XL:     10   Next: 83%
Magic:  0/12       EV:  6    Int: 11      God:    Ashenzari [****..]
Gold:   418        SH:  0    Dex: 17 (19) Spells: 0 memorised, 9 levels left

rFire  + . .     SeeInvis +     y - +3 battleaxe of Hajuxt {venom, rN+} (curse)
rCold  x . .     Gourm    .     s - +1 plate armour (curse)
rNeg   + . .     Faith    .     (shield currently unavailable)
rPois  +         Spirit   +     k - +0 helmet (curse)
rElec  .         Dismiss  +     (no cloak)
rCorr  .         Reflect  .     f - +2 pair of gloves (curse)
SustAt .         Harm     .     x - +0 pair of boots (curse)
MR     +....     Clarity  +     u - amulet of dismissal
Stlth  ..........               d - ring of poison resistance
                                e - ring of fire

@: somewhat resistant to hostile enchantments, extremely unstealthy
A: claws 1, fangs 3, molten scales 1, thin metallic scales 1, yellow scales 1,
berserk 1, blurry vision 1, deterioration 2, regeneration 2, screaming 1, magic
shield, antimagic bite, no device heal 3, rot immunity
a: Curse Item, Scrying, Renounce Religion


You were on level 1 of the Orcish Mines.
You worshipped Ashenzari.
Ashenzari was greatly pleased with you.
You were not hungry.

You visited 2 branches of the dungeon, and saw 11 of its levels.
You also visited: Ossuary.

You collected 682 gold pieces.
You spent 264 gold pieces at shops.

Inventory:

Hand Weapons
 y - the cursed +3 battleaxe of Hajuxt (weapon) {venom, rN+}
   (You bought it in a shop on level 5 of the Dungeon)

   It poisons the flesh of those it strikes.
   It protects you from negative energy.
   It has a curse placed upon it.
Armour
 f - a cursed +2 pair of gloves (worn)
 k - a cursed +0 helmet (worn)
 s - a cursed +1 plate armour (worn)
 x - a cursed +0 pair of boots (worn)
Jewellery
 d - a ring of poison resistance (right hand)
 e - a ring of fire (left hand)
 p - an uncursed ring of ice
 u - an amulet of dismissal (around neck)
 E - an uncursed amulet of harm
Wands
 g - a wand of lightning (7/15)
 t - a wand of disintegration (11/24)
 z - a wand of slowing (18/48)
 C - a wand of acid (0/15)
 F - a wand of flame (1/48)
 I - a wand of iceblast (9/15)
Scrolls
 a - 4 scrolls of magic mapping
 i - 4 scrolls of teleportation
 j - 4 scrolls of fog
 l - 6 scrolls of identify
 q - a scroll of blinking
 D - a scroll of recharging
 K - a scroll of enchant armour
Potions
 m - 3 potions of magic
 n - 2 potions of agility
 o - 2 potions of haste
 w - a potion of flight
 A - a potion of cancellation
 G - a potion of degeneration {unknown}
 J - a potion of lignification {unknown}
Books
 v - a book of Air

   Spells                             Type                      Level
   a - Shock                          Conjuration/Air              1
   b - Swiftness                      Charms/Air                   2
   c - Repel Missiles                 Charms/Air                   2
   d - Static Discharge               Conjuration/Air              3
   e - Lightning Bolt                 Conjuration/Air              5
Comestibles
 b - 6 bread rations
 c - 2 meat rations
 r - 2 fruits


   Skills:
 + Level 7.3 Fighting
   Level 3.8 Short Blades
 + Level 6.7(11.2) Axes
 + Level 6.9(10.4) Armour
 + Level 5.0 Dodging
 + Level 5.0 Stealth
 + Level 5.0 Unarmed Combat
 + Level 2.2 Evocations


You had 9 spell levels left.
You didn't know any spells.

Dungeon Overview and Level Annotations

Branches:
Dungeon (10/15)            Temple (0/1) D:7            Lair (0/8) D:9
    Orc (1/2) D:10

Altars:
Ashenzari
Cheibriados
Gozag
Sif Muna
Trog

Shops:
D:5 (   D:7 =   D:10 (


Innate Abilities, Weirdness & Mutations

You have razor-sharp teeth.
You heal very quickly.
When hurt, damage is shared between your health and your magic reserves.
Your bite disrupts and absorbs the magic of your enemies.
Potions and wands cannot restore your health.
You are immune to rotting.
You have sharp fingernails.
You are partially covered in molten scales (AC +1).
You are partially covered in thin metallic scales (AC +2).
You are partially covered in yellow scales (AC +2).
You tend to lose your temper in combat.
Scrolls take you a little longer to read.
Your body often deteriorates upon taking damage.
You occasionally shout uncontrollably at your foes.


Message History

The troll bites you!
* * * LOW HITPOINT WARNING * * *
Your body deteriorates!
You feel clumsy.
The troll claws you but does no damage. x2
The orc warrior hits you but does no damage.
The orc warlord closely misses you.
Read which item? (? for menu, Esc to quit)
Really read with blurry vision while enemies are nearby? [Y]es or [N]o only, please.
Really read with blurry vision while enemies are nearby?
The troll barely misses you. The troll claws you but does no damage.
The troll claws you.
* * * LOW HITPOINT WARNING * * *
The orc warrior hits you but does no damage. x2
The orc completely misses you.
You begin reading the scroll.
You continue reading the scroll.
The orc warlord hits you but does no damage.
The troll bites you but does no damage.
The troll claws you but does no damage. x2
The orc warrior hits you with a short sword!
You die...

,*** , , ,, , ,,,*
, , ... ,, * ,, ,
* ,, ..# ., * ,, *
,,* *,...#..,* , ,
, * ** ...... ,,
,,*#. ,####..$...
,* ,
,.#..##......... ,
, ,
*,#$....o.o......,
, **,, #oo@oo.....
**
,,#..oToo.....,, ,
,,*,#....oO......
* , *
#..........>... **
, ,........$......
, , ,*
...............,,*
, , ,,
,#.............. ,
, , ,
..........#..$# *
, , * , ,, , , * *


You could see an orc warlord, a troll, 4 orc warriors, an ogre and 5 orcs.

Vanquished Creatures
  A hydra (D:9)
  Erica (D:8)
  2 trolls
  Grinder (D:3)
  4 yaks (D:10)
  A wyvern (D:8)
  3 water moccasins
  2 black bears (D:6)
  A phantom (D:6)
  2 sky beasts (D:6)
  A necrophage (D:10)
  3 ogres
  2 centaurs (D:10)
  A big kobold (D:8)
  5 giant frogs
  2 elf zombies (Ossuary)
  A gnoll sergeant (D:8)
  3 killer bees (D:4)
  3 wights (D:8)
  A howler monkey (D:9)
  A crimson imp (D:10)
  A wasp zombie (D:7)
  A giant frog zombie (D:8)
  A centaur zombie (D:5)
  4 orc priests
  2 jellies
  2 hounds
  2 giant frog skeletons
  Jessica (D:3)
  3 iguanas
  3 orc wizards
  3 worker ants
  A killer bee zombie (D:5)
  A big kobold zombie (Ossuary)
  3 hound zombies
  A hound skeleton (D:4)
  4 mummies (Ossuary)
  A worker ant zombie (D:9)
  8 adders
  3 gnolls (D:8)
  A shadow imp (D:10)
  2 oozes
  2 adder zombies
  3 worms
  3 dart slugs
  8 giant geckos
  16 orcs
  3 ball pythons
  12 giant cockroaches
  A gnoll zombie (Ossuary)
  9 goblins
  4 hobgoblins
  9 jackals
  14 kobolds
  3 quokkas
  4 bats
  2 giant newts
  A hobgoblin zombie (Ossuary)
  A jackal zombie (Ossuary)
  A kobold zombie (Ossuary)
  2 orc zombies (Ossuary)
  3 rats
190 creatures vanquished.

Notes
Turn   | Place    | Note
--------------------------------------------------------------
     0 | D:1      | GFox the Vine Stalker Monk began the quest for the Orb.
     0 | D:1      | Reached XP level 1. HP: 11/11 MP: 2/2
   174 | D:1      | Reached XP level 2. HP: 4/16 MP: 1/3
   586 | D:2      | Reached XP level 3. HP: 19/19 MP: 4/4
   888 | D:2      | Reached skill level 3 in Fighting
   922 | D:2      | Gained mutation: You are partially covered in molten scales (AC +1). [potion of mutation]
   922 | D:2      | Gained mutation: Your body sometimes deteriorates upon taking damage. [potion of mutation]
   922 | D:2      | Gained mutation: Your magical capacity is low (-10% MP). [potion of mutation]
   925 | D:2      | Gained mutation: You have sharp fingernails. [potion of mutation]
   925 | D:2      | Gained mutation: Your mind is acute. (Int +2) [potion of mutation]
   925 | D:2      | Lost mutation: Your magical capacity is low (-10% MP). [potion of mutation]
  1363 | D:3      | Reached XP level 4. HP: 24/24 MP: 5/5
  1463 | D:3      | Noticed Jessica
  1488 | D:3      | Killed Jessica
  1503 | D:3      | Reached XP level 5. HP: 15/28 MP: 6/6
  1688 | D:3      | Noticed Grinder
  1711 | D:3      | Killed Grinder
  1711 | D:3      | Reached skill level 1 in Short Blades
  1711 | D:3      | Reached skill level 5 in Unarmed Combat
  1711 | D:3      | Gained mutation: You heal very quickly. [Vine Stalker growth]
  1711 | D:3      | Reached XP level 6. HP: 32/32 MP: 7/7
  2059 | D:4      | Found a deep blue altar of Sif Muna.
  2060 | D:4      | Found an opulent altar of Gozag.
  2326 | D:4      | Found a sand-covered staircase.
  2337 | Ossuary  | Entered an ossuary
  2384 | Ossuary  | Reached XP level 7. HP: 14/36 MP: 8/8
  2432 | Ossuary  | Reached skill level 1 in Armour
  2752 | Ossuary  | Gained mutation: You have an increased reservoir of magic (+10% MP). [potion of mutation]
  2752 | Ossuary  | Lost mutation: Your mind is acute. (Int +2) [potion of mutation]
  2752 | Ossuary  | Gained mutation: You are partially covered in yellow scales (AC +2). [potion of mutation]
  2931 | D:4      | Found a shattered altar of Ashenzari.
  3002 | D:4      | Reached skill level 4 in Fighting
  3092 | D:4      | Reached skill level 5 in Stealth
  3092 | D:4      | Gained mutation: You have razor-sharp teeth. [Vine Stalker growth]
  3092 | D:4      | Reached XP level 8. HP: 42/42 MP: 9/9
  3171 | D:4      | Became a worshipper of Ashenzari the Shackled
  3171 | D:4      | Reached * piety under Ashenzari
  3171 | D:4      | Reached ** piety under Ashenzari
  3421 | D:5      | Entered Level 5 of the Dungeon
  3493 | D:5      | Found Oddakh's Antique Weapon Shop.
  3507 | D:5      | Bought a steaming battleaxe for 264 gold pieces
  3507 | D:5      | Identified the +3 battleaxe of Hajuxt {venom, rN+} (You bought it in a shop on level 5 of the Dungeon)
  4325 | D:6      | Reached skill level 1 in Axes
  4582 | D:6      | Reached skill level 5 in Fighting
  4698 | D:6      | Reached XP level 9. HP: 47/47 MP: 10/10
  4702 | D:6      | Lost mutation: You have an increased reservoir of magic (+10% MP). [mutagenic meat]
  4703 | D:6      | Gained mutation: You have large cloven feet. [mutagenic meat]
  4704 | D:6      | Gained mutation: Scrolls take you a little longer to read. [mutagenic meat]
  4705 | D:6      | Gained mutation: Your body often deteriorates upon taking damage. [mutagenic meat]
  4706 | D:6      | Gained mutation: You tend to lose your temper in combat. [mutagenic meat]
  4707 | D:6      | Gained mutation: You occasionally shout uncontrollably at your foes. [mutagenic meat]
  4720 | D:6      | Gained mutation: You are partially covered in thin metallic scales (AC +2). [potion of mutation]
  4720 | D:6      | Lost mutation: You have large cloven feet. [potion of mutation]
  4930 | D:7      | Found a staircase to the Ecumenical Temple.
  5262 | D:7      | Reached *** piety under Ashenzari
  5267 | D:7      | Found Dufudec's Jewellery Shoppe.
  5524 | D:8      | Noticed Erica
  5539 | D:8      | Killed Erica
  5539 | D:8      | Reached skill level 6 in Fighting
  5539 | D:8      | Reached skill level 5 in Armour
  5786 | D:8      | Reached skill level 5 in Axes
  5831 | D:8      | Reached XP level 10. HP: 53/53 MP: 11/11
  6439 | D:9      | Found a staircase to the Lair.
  6779 | D:9      | Noticed a four-headed hydra
  6854 | D:9      | Killed a four-headed hydra
  6854 | D:9      | Reached skill level 1 in Evocations
  6945 | D:9      | Found a bloodstained altar of Trog.
  6967 | D:9      | Reached **** piety under Ashenzari
  7365 | D:10     | Entered Level 10 of the Dungeon
  7390 | D:10     | Found Dorij's Weapon Shoppe.
  7424 | D:10     | Reached skill level 7 in Fighting
  7453 | D:10     | Found a staircase to the Orcish Mines.
  7531 | D:10     | Found a snail-covered altar of Cheibriados.
  7776 | D:10     | Reached skill level 5 in Dodging
  8052 | Orc:1    | Entered Level 1 of the Orcish Mines
  8052 | Orc:1    | Noticed an orc warlord
  8060 | Orc:1    | Slain by an orc warrior

Skill      XL: |  1  2  3  4  5  6  7  8  9 10 |
---------------+-------------------------------+-----
Fighting       | 3 4 5 6 7 |  7.3
Stealth        | 3 4 5 |  5.0
Dodging        | 3 4 5 |  5.0
Short Blades   | 1 2 3 |  3.8
Unarmed Combat | 5 |  5.0
Armour         | 2 4 5 6 |  6.9
Axes           | 2 5 6 |  6.7
Evocations     | 2 |  2.2

Action                   |  1- 3 |  4- 6 |  7- 9 | 10-12 || total
-------------------------+-------+-------+-------+-------++-------
Melee: Unarmed           |    34 |       |       |       ||    34
       Bite              |    23 |    37 |   102 |    34 ||   196
       Dagger            |    54 |   148 |   141 |       ||   343
       Punch             |     1 |     1 |     1 |       ||     3
       Battleaxe         |       |       |   167 |    91 ||   258
Invok: Curse Item        |       |       |     3 |     2 ||     5
       Scrying           |       |       |       |     1 ||     1
Evoke: Wand              |       |       |       |    19 ||    19
  Use: Scroll            |    12 |     1 |     8 |       ||    21
       Potion            |     7 |     1 |     3 |     2 ||    13
 Stab: Sleeping          |     3 |     3 |       |       ||     6
  Eat: Chunk             |     1 |     4 |    13 |     1 ||    19
       Beef jerky        |       |       |     2 |       ||     2
       Pizza             |       |       |     1 |       ||     1
       Fruit             |       |       |       |     4 ||     4
       Meat ration       |       |       |       |     1 ||     1
Armor: Robe              |    19 |     9 |       |       ||    28
       Plate armour      |       |   114 |   313 |   106 ||   533
Dodge: Dodged            |    51 |    80 |   102 |    46 ||   279
